Penguins vs Rangers (R1)

Created - May 8, 2018 at 19:05

Goals
1 2 3 T
Penguins 1 1 1 3
Rangers 0 1 1 2
Shots
1 2 3 T
Penguins 9 14 9 32
Rangers 13 10 6 29

1st period

1. Penguins , Sean Zimmerman 1 (Sergei Samsonov 1, Dion Phaneuf 2) at 16:22

Penalties :
Keith Aulie (Pit) for Holding (Minor) at 7:13, Patrice Bergeron (NYR) for Slashing (Minor) at 16:45, Max Pacioretty (Pit) for Interference (Minor) at 18:56

2nd period

2. Rangers , Mark Fistric 1 (Matt Read 1, Mike Cammalleri 1) at 9:58
3. Penguins , Ryan Callahan 1 (Duncan Keith 2, Brian Elliott) at 19:15

Penalties :
Ryan Suter (NYR) for Hooking (Minor) at 3:16

3rd period

4. Rangers , Jakob Silfverberg 1 (Stephen Weiss 1) at 8:17
5. Penguins , Steven Stamkos 1 (Sean Zimmerman 2, Andrew Cogliano 3) at 9:46 (PP)

Penalties :
Andrew Cogliano (Pit) for High sticking (Minor) at 0:19, Matt Greene (NYR) for Hooking (Minor) at 5:20, Nathan Gerbe (NYR) for Tripping (Minor) at 9:34, Keith Aulie (Pit) for High sticking (Minor) at 11:15, Dominic Moore (Pit) for Interference (Minor) at 14:27, Max Pacioretty (Pit) for Tripping (Minor) at 17:30

Goalie Stats

Brian Elliott (Pit), 27 saves from 29 shots - (0.931), W, 2-1-0, 60:00 minutes
Henrik Lundqvist (NYR), 29 saves from 32 shots - (0.906), L, 1-2-0, 59:43 minutes

Players Stats for Penguins

Player Name              G  A  P  +/- PIM S  H  SB GA TA FO     MP     PP MP  PK MP  
------------------------------------------------------------------------------------
Andrew Cogliano          0  1  1   1  2   3  1  1  1  0  1/4    20:08   3:25   4:02 
Bobby Ryan               0  0  0   1  0   2  2  1  0  0  0/2    23:11   3:25   6:37 
D.J King                 0  0  0   0  0   1  0  0  0  0  0/0     7:23   0:00   0:37 
Dion Phaneuf             0  1  1   1  0   1  1  2  0  0  0/0    28:51   3:12   7:04 
Dominic Moore            0  0  0   0  2   1  4  0  1  0  5/10   14:21   2:39   0:00 
Duncan Keith             0  1  1  -2  0   1  0  3  1  2  0/0    21:33   2:52   5:16 
Eric Gryba               0  0  0   1  0   1  0  0  0  1  0/0    11:22   0:05   1:14 
Keith Aulie              0  0  0  -2  4   0  1  1  1  0  0/0    19:56   2:52   3:36 
Max Pacioretty           0  0  0  -1  4   3  2  0  0  0  1/2    12:01   0:00   1:45 
Paul Ranger              0  0  0   1  0   0  0  0  0  1  0/0    10:02   0:05   0:00 
Radim Vrbata             0  0  0   0  0   2  2  0  0  2  0/1    17:31   2:39   3:07 
Riley Armstrong          0  0  0   0  0   0  2  0  0  0  1/2     6:40   0:00   0:00 
Ryan Callahan            1  0  1   0  0   1  1  0  0  0  0/0     6:40   0:00   0:00 
Sam Gagner               0  0  0  -1  0   4  0  1  0  0  4/5    11:22   0:05   1:00 
Sean Zimmerman           1  1  2   1  0   3  0  2  0  1  0/0    28:25   3:12   6:38 
Sergei Samsonov          0  1  1   0  0   2  1  0  0  0  2/3    14:22   2:39   0:00 
Steve Downie             0  0  0  -1  0   3  2  0  1  0  0/0    10:46   0:05   0:00 
Steven Stamkos           1  0  1   1  0   4  0  0  0  0  15/33  23:26   3:30   6:40 

Players Stats for Rangers

Player Name              G  A  P  +/- PIM S  H  SB GA TA FO     MP     PP MP  PK MP  
------------------------------------------------------------------------------------
Alex Tanguay             0  0  0   1  0   2  0  0  0  0  0/0    17:26   4:56   1:39 
Alexei Emelin            0  0  0   0  0   0  1  2  0  0  0/0    10:31   0:49   0:46 
Cam Barker               0  0  0  -1  0   0  2  2  1  1  0/0    28:05   6:34   3:29 
Darren Reid              0  0  0   0  0   1  1  0  0  0  0/0    10:24   0:04   1:13 
Jakob Silfverberg        1  0  1   1  0   4  1  2  0  0  0/0    18:21   7:23   0:00 
James Neal               0  0  0  -1  0   1  2  0  0  0  1/1    21:06   6:54   0:00 
Mark Fistric             1  0  1   1  0   1  1  2  0  2  0/0    23:05   4:31   3:45 
Matt Greene              0  0  0  -1  2   0  1  3  1  0  0/0    18:46   0:00   1:38 
Matt Read                0  1  1   0  0   5  0  1  0  0  0/0    17:59   4:31   3:14 
Mike Cammalleri          0  1  1   0  0   2  2  2  1  0  0/0    14:15   4:56   0:03 
Milan Lucic              0  0  0  -1  0   6  0  0  1  0  1/2    20:59   6:54   0:00 
Nathan Gerbe             0  0  0   0  2   0  0  0  0  1  0/0     7:54   0:04   0:00 
Patrice Bergeron         0  0  0  -1  2   3  2  1  1  0  16/33  22:30   6:54   1:32 
Ryan Suter               0  0  0   1  2   0  0  0  0  0  0/0    13:15   0:00   0:16 
Sean Couturier           0  0  0   0  0   2  2  0  0  0  6/13   13:05   0:04   3:07 
Staffan Kronwall         0  0  0   0  0   0  2  0  0  0  0/0    11:42   0:00   2:24 
Stephen Weiss            0  1  1   1  0   2  4  0  0  1  8/10   16:35   4:56   1:09 
Valtteri Filppula        0  0  0   0  0   0  1  0  2  0  1/3     7:49   0:00   0:21 

3 Stars

1 - Sean Zimmerman (Pit)
2 - Mark Fistric (NYR)
3 - Jakob Silfverberg (NYR)

Power Play

Penguins - 1 on 4 Attempt(s) - 25.00%
Rangers - 0 on 6 Attempt(s) - 0.00%

Penalty Kill

Penguins - 6 on 6 Attempt(s) - 100.00% - Score 0 goal in Penalty Kill
Rangers - 3 on 4 Attempt(s) - 75.00% - Score 0 goal in Penalty Kill

Team Stat

Penguins - Hits : 19 - Faceoff Wins : 29 - Blocked Shots : 11 - Penalty Minutes : 12
Rangers - Hits : 22 - Faceoff Wins : 33 - Blocked Shots : 15 - Penalty Minutes : 8

Official

Referees : Leggo Mike and Hebert Ghislain
Linesman : Andy McElman and Bryan Pancich

Game Notes

No Game Note

Finance

Level 1 -- Attendance: 5447 (90.78%) -- Ticket Income $517,465
Level 2 -- Attendance: 4379 (87.58%) -- Ticket Income $262,740
Level 3 -- Attendance: 2000 (100.00%) -- Ticket Income $70,000
Level 4 -- Attendance: 4000 (100.00%) -- Ticket Income $100,000
Luxury Box -- Attendance: 904 (90.40%) -- Ticket Income $162,720
Game was played at the Madison Square Garden.
Total Attendance: 16730 (92.94%)
Total Ticket Income: $1,112,925
Other Income: $166,939
Total Income: $1,279,864

Penguins

5 vs 5 Forward 
   Center                   Left Wing                Right Wing               Time % Phy DF OF 
 1 Steven Stamkos           Andrew Cogliano          Bobby Ryan               40     1   2  2  
 2 Dominic Moore            Sergei Samsonov          Radim Vrbata             30     1   2  2  
 3 Sam Gagner               Max Pacioretty           Steve Downie             20     1   2  2  
 4 Riley Armstrong          D.J King                 Ryan Callahan            10     1   2  2  

5 vs 5 Defense 
   Defense                  Defense                                           Time % Phy DF OF 
 1 Dion Phaneuf             Sean Zimmerman                                    40     1   2  2  
 2 Duncan Keith             Keith Aulie                                       30     1   2  2  
 3 Paul Ranger              Eric Gryba                                        20     1   2  2  
 4 Dion Phaneuf             Sean Zimmerman                                    10     1   2  2  

PowerPlay Forward 
   Center                   Left Wing                Right Wing               Time % Phy DF OF 
 1 Steven Stamkos           Andrew Cogliano          Bobby Ryan               60     1   2  2  
 2 Dominic Moore            Sergei Samsonov          Radim Vrbata             40     1   2  2  

PowerPlay Defense
   Defense                  Defense                                           Time % Phy DF OF 
 1 Dion Phaneuf             Sean Zimmerman                                    60     1   2  2  
 2 Duncan Keith             Keith Aulie                                       40     1   2  2  

Penalty Kill 4 Players Forward 
   Center                   Wing                     Time % Phy DF OF 
 1 Steven Stamkos           Bobby Ryan               60     1   2  2  
 2 Andrew Cogliano          Radim Vrbata             40     1   2  2  

Penalty Kill 4 Players Defense
   Defense                  Defense                  Time % Phy DF OF 
 1 Dion Phaneuf             Sean Zimmerman           60     1   2  2  
 2 Duncan Keith             Keith Aulie              40     1   2  2  

Penalty Kill - 3 Players Forward 
   Forward                                           Time % Phy DF OF 
 1 Steven Stamkos                                    60     1   2  2  
 2 Bobby Ryan                                        40     1   2  2  

Penalty Kill - 3 Players Defense
   Defense                  Defense                  Time % Phy DF OF 
 1 Dion Phaneuf             Sean Zimmerman           60     1   2  2  
 2 Duncan Keith             Keith Aulie              40     1   2  2  

4 vs 4 Forward 
   Center                   Wing                     Time % Phy DF OF 
 1 Steven Stamkos           Bobby Ryan               60     1   2  2  
 2 Andrew Cogliano          Radim Vrbata             40     1   2  2  

4 vs 4 Defense
   Defense                  Defense                  Time % Phy DF OF 
 1 Dion Phaneuf             Sean Zimmerman           60     1   2  2  
 2 Duncan Keith             Keith Aulie              40     1   2  2  

Last Minutes Offensive
   Center                   Left Wing                Right Wing               Defense                  Defense                  
   Steven Stamkos           Andrew Cogliano          Bobby Ryan               Dion Phaneuf             Sean Zimmerman           

Last Minutes Defensive
   Center                   Left Wing                Right Wing               Defense                  Defense                  
   Steven Stamkos           Andrew Cogliano          Bobby Ryan               Dion Phaneuf             Sean Zimmerman           

Goaltenders
Starting : Brian Elliott            
Backup : Josh Tordjman            

Extra Forwards
Normal : Steve Downie, Sam Gagner, Max Pacioretty - PP : Steve Downie, Sam Gagner - PK : Max Pacioretty
Extra Defensemen
Normal : Paul Ranger, Eric Gryba, Duncan Keith - PP : Paul Ranger - PK : Eric Gryba, Duncan Keith
Penalty Shots
Steven Stamkos, Bobby Ryan, Andrew Cogliano, Radim Vrbata, Steve Downie

Scratches
None

Rangers

5 vs 5 Forward 
   Center                   Left Wing                Right Wing               Time % Phy DF OF 
 1 Patrice Bergeron         Milan Lucic              James Neal               40     1   2  2  
 2 Stephen Weiss            Alex Tanguay             Jakob Silfverberg        30     1   2  2  
 3 Sean Couturier           Mike Cammalleri          Matt Read                20     1   2  2  
 4 Valtteri Filppula        Nathan Gerbe             Darren Reid              10     1   2  2  

5 vs 5 Defense 
   Defense                  Defense                                           Time % Phy DF OF 
 1 Cam Barker               Matt Greene                                       40     1   2  2  
 2 Mark Fistric             Ryan Suter                                        30     1   2  2  
 3 Staffan Kronwall         Alexei Emelin                                     20     1   2  2  
 4 Cam Barker               Matt Greene                                       10     1   2  2  

PowerPlay Forward 
   Center                   Left Wing                Right Wing               Time % Phy DF OF 
 1 Patrice Bergeron         Milan Lucic              James Neal               60     1   2  2  
 2 Stephen Weiss            Alex Tanguay             Mike Cammalleri          40     1   2  2  

PowerPlay Defense
   Defense                  Defense                                           Time % Phy DF OF 
 1 Cam Barker               Jakob Silfverberg                                 60     1   2  2  
 2 Mark Fistric             Matt Read                                         40     1   2  2  

Penalty Kill 4 Players Forward 
   Center                   Wing                     Time % Phy DF OF 
 1 Sean Couturier           Matt Read                60     1   2  2  
 2 Patrice Bergeron         Darren Reid              40     1   2  2  

Penalty Kill 4 Players Defense
   Defense                  Defense                  Time % Phy DF OF 
 1 Cam Barker               Mark Fistric             60     1   2  2  
 2 Matt Greene              Staffan Kronwall         40     1   2  2  

Penalty Kill - 3 Players Forward 
   Forward                                           Time % Phy DF OF 
 1 Patrice Bergeron                                  60     1   2  2  
 2 Sean Couturier                                    40     1   2  2  

Penalty Kill - 3 Players Defense
   Defense                  Defense                  Time % Phy DF OF 
 1 Cam Barker               Mark Fistric             60     1   2  2  
 2 Matt Greene              Staffan Kronwall         40     1   2  2  

4 vs 4 Forward 
   Center                   Wing                     Time % Phy DF OF 
 1 Patrice Bergeron         Jakob Silfverberg        60     1   2  2  
 2 Stephen Weiss            Milan Lucic              40     1   2  2  

4 vs 4 Defense
   Defense                  Defense                  Time % Phy DF OF 
 1 Cam Barker               Matt Greene              60     1   2  2  
 2 Mark Fistric             Ryan Suter               40     1   2  2  

Last Minutes Offensive
   Center                   Left Wing                Right Wing               Defense                  Defense                  
   Patrice Bergeron         Milan Lucic              James Neal               Cam Barker               Jakob Silfverberg        

Last Minutes Defensive
   Center                   Left Wing                Right Wing               Defense                  Defense                  
   Patrice Bergeron         Milan Lucic              Matt Read                Cam Barker               Mark Fistric             

Goaltenders
Starting : Henrik Lundqvist         
Backup : Braden Holtby            

Extra Forwards
Normal : Patrice Bergeron, Milan Lucic, Jakob Silfverberg - PP : Patrice Bergeron, Milan Lucic - PK : Patrice Bergeron
Extra Defensemen
Normal : Cam Barker, Mark Fistric, Matt Greene - PP : Cam Barker - PK : Mark Fistric, Cam Barker
Penalty Shots
Patrice Bergeron, Milan Lucic, Jakob Silfverberg, Matt Read, James Neal

Scratches
Gustav Nyquist (Healthy), Artem Anisimov (Healthy), Colten Teubert (Healthy)

% Time on Ice - Penguins

Lines # - Real PCT - Wanted PCT - Time Play
Normal Forward
1 - 31% - 40% - 12:58
2 - 28% - 30% - 11:45
3 - 24% - 20% - 10:07
4 - 16% - 10% - 6:40
Normal Defense
1 - 41% - 40% - 17:07
2 - 32% - 30% - 13:21
3 - 23% - 20% - 9:29
4 - 4% - 10% - 1:33
PP Forward
1 - 57% - 60% - 3:30
2 - 43% - 40% - 2:39
PP Defense
1 - 53% - 60% - 3:17
2 - 47% - 40% - 2:52
PK Forward
1 - 74% - 60% - 8:47
2 - 26% - 40% - 3:07
PK Defense
1 - 56% - 60% - 6:38
2 - 44% - 40% - 5:16
PK3 Forward
1 - 0% - 60%
2 - 0% - 40%
PK3 Defense
1 - 0% - 60%
2 - 0% - 40%
44 Forward
1 - 0% - 60%
2 - 0% - 40%
44 Defense
1 - 0% - 60%
2 - 0% - 40%
Last Minute Offensive  - 0:00
Last Minute Defensive  - 0:27
Total
Forward - 60:00
Defense - 60:00

% Time on Ice - Rangers

Lines # - Real PCT - Wanted PCT - Time Play
Normal Forward
1 - 35% - 40% - 14:33
2 - 26% - 30% - 10:50
3 - 21% - 20% - 8:36
4 - 18% - 10% - 7:28
Normal Defense
1 - 40% - 40% - 16:24
2 - 36% - 30% - 14:52
3 - 22% - 20% - 8:56
4 - 3% - 10% - 1:15
PP Forward
1 - 59% - 60% - 6:58
2 - 41% - 40% - 4:56
PP Defense
1 - 62% - 60% - 7:23
2 - 38% - 40% - 4:31
PK Forward
1 - 80% - 60% - 4:56
2 - 20% - 40% - 1:13
PK Defense
1 - 57% - 60% - 3:29
2 - 43% - 40% - 2:40
PK3 Forward
1 - 0% - 60%
2 - 0% - 40%
PK3 Defense
1 - 0% - 60%
2 - 0% - 40%
44 Forward
1 - 0% - 60%
2 - 0% - 40%
44 Defense
1 - 0% - 60%
2 - 0% - 40%
Last Minute Offensive  - 0:30
Last Minute Defensive  - 0:00
Total
Forward - 60:00
Defense - 60:00

Play by Play

1st period


0:01 of 1st period - Patrice Bergeron wins face-off versus Steven Stamkos in neutral zone.
0:26 of 1st period - Dominic Moore is hit by Stephen Weiss and loses puck.
0:33 of 1st period - Snap shot by Jakob Silfverberg.
0:33 of 1st period - Stopped by Brian Elliott without a rebound.
0:34 of 1st period - Sean Couturier wins face-off versus Sam Gagner in Penguins zone.
0:59 of 1st period - Mark Fistric is hit by Dominic Moore and loses puck.
2:07 of 1st period - Snap shot by Sam Gagner.
2:07 of 1st period - Stopped by Henrik Lundqvist with a rebound.
2:09 of 1st period - Slapshot by Sean Zimmerman.
2:09 of 1st period - Deflect By Matt Read.
2:09 of 1st period - Stopped by Henrik Lundqvist without a rebound.
2:10 of 1st period - Sam Gagner wins face-off versus Sean Couturier in Rangers zone.
2:24 of 1st period - Snap shot by Steve Downie.
2:24 of 1st period - Stopped by Henrik Lundqvist without a rebound.
2:25 of 1st period - Patrice Bergeron wins face-off versus Steven Stamkos in Rangers zone.
2:34 of 1st period - Wrist shot by Milan Lucic.
2:34 of 1st period - Stopped by Brian Elliott with a rebound.
2:40 of 1st period - Wrist shot by Patrice Bergeron.
2:40 of 1st period - Stopped by Brian Elliott with a rebound.
2:42 of 1st period - Snap shot by Milan Lucic.
2:42 of 1st period - Deflect By Duncan Keith.
2:42 of 1st period - Shot Misses the Net.
2:42 of 1st period - Puck is out of play.
2:43 of 1st period - Stephen Weiss wins face-off versus Sergei Samsonov in Penguins zone.
2:46 of 1st period - Wrist shot by Stephen Weiss.
2:46 of 1st period - Shot Blocked by Dion Phaneuf.
2:54 of 1st period - Snap shot by Radim Vrbata.
2:54 of 1st period - Shot Blocked by Jakob Silfverberg.
3:10 of 1st period - James Neal is hit by Max Pacioretty and loses puck.
3:17 of 1st period - Snap shot by Steve Downie.
3:17 of 1st period - Shot Misses the Net.
3:43 of 1st period - Snap shot by Bobby Ryan.
3:43 of 1st period - Stopped by Henrik Lundqvist without a rebound.
3:44 of 1st period - Dominic Moore wins face-off versus Stephen Weiss in Rangers zone.
3:49 of 1st period - Slapshot by Sergei Samsonov.
3:49 of 1st period - Shot Blocked by Jakob Silfverberg.
4:19 of 1st period - Milan Lucic is hit by Riley Armstrong and loses puck.
4:28 of 1st period - Riley Armstrong is hit by Staffan Kronwall and loses puck.
4:59 of 1st period - Wrist shot by James Neal.
4:59 of 1st period - Shot Misses the Net.
5:01 of 1st period - Wrist shot by Milan Lucic.
5:01 of 1st period - Stopped by Brian Elliott without a rebound.
5:02 of 1st period - Sean Couturier wins face-off versus Steven Stamkos in Penguins zone.
5:29 of 1st period - Dion Phaneuf is hit by Stephen Weiss and loses puck.
6:14 of 1st period - Matt Greene is hit by Bobby Ryan and loses puck.
6:48 of 1st period - Slapshot by Milan Lucic.
6:48 of 1st period - Shot Misses the Net.
7:13 of 1st period - Minor Penalty to Keith Aulie for Holding.
7:14 of 1st period - Patrice Bergeron wins face-off versus Steven Stamkos in Penguins zone.
7:26 of 1st period - Snap shot by Patrice Bergeron.
7:26 of 1st period - Stopped by Brian Elliott without a rebound.
7:27 of 1st period - Steven Stamkos wins face-off versus Patrice Bergeron in Penguins zone.
7:54 of 1st period - Dion Phaneuf is hit by Mike Cammalleri.
9:13 of 1st period - Penalty to Keith Aulie is over, Keith Aulie is back on ice.
9:34 of 1st period - Matt Read is hit by Dominic Moore and loses puck.
10:20 of 1st period - Alex Tanguay is hit by Radim Vrbata and loses puck.
10:57 of 1st period - Patrice Bergeron is hit by Steve Downie and loses puck.
11:02 of 1st period - Wrist shot by Max Pacioretty.
11:02 of 1st period - Stopped by Henrik Lundqvist without a rebound.
11:03 of 1st period - Valtteri Filppula wins face-off versus Dominic Moore in Rangers zone.
11:43 of 1st period - Snap shot by Jakob Silfverberg.
11:43 of 1st period - Shot Misses the Net.
11:45 of 1st period - Snap shot by Stephen Weiss.
11:45 of 1st period - Stopped by Brian Elliott with a rebound.
11:55 of 1st period - Mike Cammalleri is hit by Ryan Callahan and loses puck.
12:00 of 1st period - Slapshot by Riley Armstrong.
12:00 of 1st period - Shot Misses the Net.
12:42 of 1st period - Wrist shot by Andrew Cogliano.
12:42 of 1st period - Shot Blocked by Matt Greene.
13:22 of 1st period - Snap shot by Sean Couturier.
13:22 of 1st period - Stopped by Brian Elliott without a rebound.
13:23 of 1st period - Dominic Moore wins face-off versus Sean Couturier in Penguins zone.
13:23 of 1st period - Radim Vrbata is hit by Sean Couturier and loses puck.
13:30 of 1st period - Wrist shot by Matt Read.
13:30 of 1st period - Stopped by Brian Elliott with a rebound.
13:32 of 1st period - Slapshot by Mark Fistric.
13:32 of 1st period - Deflect By Sean Couturier.
13:32 of 1st period - Stopped by Brian Elliott without a rebound.
13:33 of 1st period - Steven Stamkos wins face-off versus Patrice Bergeron in Penguins zone.
13:37 of 1st period - Icing by Sean Zimmerman.
13:38 of 1st period - Steven Stamkos wins face-off versus Patrice Bergeron in Penguins zone.
14:12 of 1st period - Wrist shot by Jakob Silfverberg.
14:12 of 1st period - Stopped by Brian Elliott without a rebound.
14:13 of 1st period - Sergei Samsonov wins face-off versus Stephen Weiss in Penguins zone.
14:13 of 1st period - Sergei Samsonov is hit by Stephen Weiss.
14:23 of 1st period - Slapshot by Radim Vrbata.
14:23 of 1st period - Stopped by Henrik Lundqvist without a rebound.
14:24 of 1st period - Patrice Bergeron wins face-off versus Steven Stamkos in Rangers zone.
14:59 of 1st period - Icing by Stephen Weiss.
15:00 of 1st period - Stephen Weiss wins face-off versus Dominic Moore in Rangers zone.
15:28 of 1st period - Snap shot by Sam Gagner.
15:28 of 1st period - Stopped by Henrik Lundqvist with a rebound.
15:56 of 1st period - Snap shot by Milan Lucic.
15:56 of 1st period - Shot Blocked by Andrew Cogliano.
16:14 of 1st period - Snap shot by Sergei Samsonov.
16:14 of 1st period - Stopped by Henrik Lundqvist with a rebound.
16:16 of 1st period - Wrist shot by Dominic Moore.
16:16 of 1st period - Shot Blocked by Matt Read.
16:18 of 1st period - Snap shot by Dion Phaneuf.
16:18 of 1st period - Shot Blocked by Mike Cammalleri.
16:20 of 1st period - Snap shot by Sergei Samsonov.
16:20 of 1st period - Shot Misses the Net.
16:22 of 1st period - Slapshot by Sean Zimmerman.
16:22 of 1st period - Goal by Sean Zimmerman - Penguins : 1 - Rangers : 0.
16:23 of 1st period - Steven Stamkos wins face-off versus Patrice Bergeron in neutral zone.
16:33 of 1st period - Slapshot by Steven Stamkos.
16:33 of 1st period - Shot Misses the Net.
16:45 of 1st period - Minor Penalty to Patrice Bergeron for Slashing.
16:46 of 1st period - Sean Couturier wins face-off versus Steven Stamkos in Rangers zone.
17:58 of 1st period - Sergei Samsonov is hit by Stephen Weiss.
18:26 of 1st period - Bobby Ryan is hit by Cam Barker and loses puck.
18:45 of 1st period - Penalty to Patrice Bergeron is over, Patrice Bergeron is back on ice.
18:56 of 1st period - Minor Penalty to Max Pacioretty for Interference.
18:57 of 1st period - Steven Stamkos wins face-off versus Patrice Bergeron in Penguins zone.
19:07 of 1st period - Slapshot by Jakob Silfverberg.
19:07 of 1st period - Deflect By Patrice Bergeron.
19:07 of 1st period - Stopped by Brian Elliott with a rebound.
19:09 of 1st period - Slapshot by Jakob Silfverberg.
19:09 of 1st period - Shot Blocked by Duncan Keith.
19:11 of 1st period - Wrist shot by Patrice Bergeron.
19:11 of 1st period - Shot Blocked by Bobby Ryan.
19:13 of 1st period - Wrist shot by Jakob Silfverberg.
19:13 of 1st period - Shot Blocked by Duncan Keith.
19:31 of 1st period - Slapshot by Jakob Silfverberg.
19:31 of 1st period - Stopped by Brian Elliott with a rebound.
19:45 of 1st period - Snap shot by Milan Lucic.
19:45 of 1st period - Stopped by Brian Elliott without a rebound.
19:46 of 1st period - James Neal wins face-off versus Andrew Cogliano in Penguins zone.
19:55 of 1st period - Wrist shot by Milan Lucic.
19:55 of 1st period - Shot Blocked by Dion Phaneuf.
Goals for this period are 1 for Penguins vs 0 for Rangers.
Shots for this period are 9 for Penguins vs 13 for Rangers.

2nd period


0:01 of 2nd period - Patrice Bergeron wins face-off versus Steven Stamkos in neutral zone.
0:56 of 2nd period - Penalty to Max Pacioretty is over, Max Pacioretty is back on ice.
1:13 of 2nd period - Slapshot by Max Pacioretty.
1:13 of 2nd period - Shot Misses the Net.
1:34 of 2nd period - Slapshot by Sergei Samsonov.
1:34 of 2nd period - Stopped by Henrik Lundqvist with a rebound.
2:02 of 2nd period - Snap shot by Ryan Callahan.
2:02 of 2nd period - Shot Blocked by Matt Greene.
2:04 of 2nd period - Wrist shot by D.J King.
2:04 of 2nd period - Deflect By Ryan Callahan.
2:04 of 2nd period - Shot Misses the Net.
2:04 of 2nd period - Puck is out of play.
2:05 of 2nd period - Dominic Moore wins face-off versus Sean Couturier in Rangers zone.
2:41 of 2nd period - Off-side.
2:42 of 2nd period - Dominic Moore wins face-off versus Patrice Bergeron in neutral zone.
2:49 of 2nd period - Slapshot by Sergei Samsonov.
2:49 of 2nd period - Shot Misses the Net.
2:51 of 2nd period - Slapshot by Keith Aulie.
2:51 of 2nd period - Deflect By Dominic Moore.
2:51 of 2nd period - Shot Blocked by Mark Fistric.
2:51 of 2nd period - Puck is out of play.
2:52 of 2nd period - Sergei Samsonov wins face-off versus Patrice Bergeron in Rangers zone.
3:16 of 2nd period - Minor Penalty to Ryan Suter for Hooking.
3:17 of 2nd period - Sean Couturier wins face-off versus Steven Stamkos in Rangers zone.
3:25 of 2nd period - Slapshot by Sean Zimmerman.
3:25 of 2nd period - Shot Misses the Net.
3:49 of 2nd period - Slapshot by Dion Phaneuf.
3:49 of 2nd period - Shot Blocked by Mark Fistric.
3:51 of 2nd period - Snap shot by Dominic Moore.
3:51 of 2nd period - Stopped by Henrik Lundqvist with a rebound.
3:53 of 2nd period - Snap shot by Radim Vrbata.
3:53 of 2nd period - Shot Misses the Net.
5:13 of 2nd period - Alex Tanguay is hit by Andrew Cogliano and loses puck.
5:16 of 2nd period - Penalty to Ryan Suter is over, Ryan Suter is back on ice.
5:24 of 2nd period - Darren Reid is hit by Max Pacioretty.
5:41 of 2nd period - Icing by Max Pacioretty.
5:42 of 2nd period - Sam Gagner wins face-off versus Patrice Bergeron in Penguins zone.
5:50 of 2nd period - Icing by Milan Lucic.
5:51 of 2nd period - Patrice Bergeron wins face-off versus Riley Armstrong in Rangers zone.
6:04 of 2nd period - Slapshot by D.J King.
6:04 of 2nd period - Stopped by Henrik Lundqvist with a rebound.
6:06 of 2nd period - Slapshot by Duncan Keith.
6:06 of 2nd period - Deflect By D.J King.
6:06 of 2nd period - Shot Misses the Net.
6:06 of 2nd period - Puck is out of play.
6:07 of 2nd period - Stephen Weiss wins face-off versus Steven Stamkos in Rangers zone.
6:18 of 2nd period - Wrist shot by Bobby Ryan.
6:18 of 2nd period - Shot Hit the Post.
6:20 of 2nd period - Slapshot by Dion Phaneuf.
6:20 of 2nd period - Deflect By Bobby Ryan.
6:20 of 2nd period - Stopped by Henrik Lundqvist with a rebound.
6:34 of 2nd period - Sergei Samsonov is hit by Matt Greene and loses puck.
6:58 of 2nd period - Slapshot by Mike Cammalleri.
6:58 of 2nd period - Stopped by Brian Elliott with a rebound.
7:36 of 2nd period - Jakob Silfverberg is hit by Bobby Ryan and loses puck.
7:43 of 2nd period - Wrist shot by Steven Stamkos.
7:43 of 2nd period - Stopped by Henrik Lundqvist without a rebound.
7:44 of 2nd period - Steven Stamkos wins face-off versus Patrice Bergeron in Rangers zone.
7:47 of 2nd period - Wrist shot by Steven Stamkos.
7:47 of 2nd period - Shot Misses the Net.
7:53 of 2nd period - Bobby Ryan is hit by James Neal and loses puck.
7:58 of 2nd period - Snap shot by Milan Lucic.
7:58 of 2nd period - Stopped by Brian Elliott with a rebound.
8:36 of 2nd period - Snap shot by Matt Read.
8:36 of 2nd period - Deflect By Duncan Keith.
8:36 of 2nd period - Stopped by Brian Elliott without a rebound.
8:37 of 2nd period - Steven Stamkos wins face-off versus Sean Couturier in Penguins zone.
9:34 of 2nd period - Wrist shot by Mike Cammalleri.
9:34 of 2nd period - Stopped by Brian Elliott with a rebound.
9:36 of 2nd period - Slapshot by Matt Read.
9:36 of 2nd period - Stopped by Brian Elliott with a rebound.
9:56 of 2nd period - Wrist shot by Matt Read.
9:56 of 2nd period - Stopped by Brian Elliott with a rebound.
9:58 of 2nd period - Slapshot by Mark Fistric.
9:58 of 2nd period - Goal by Mark Fistric - Penguins : 1 - Rangers : 1.
9:59 of 2nd period - Steven Stamkos wins face-off versus Patrice Bergeron in neutral zone.
10:02 of 2nd period - Slapshot by Dion Phaneuf.
10:02 of 2nd period - Shot Blocked by Patrice Bergeron.
10:04 of 2nd period - Snap shot by Andrew Cogliano.
10:04 of 2nd period - Stopped by Henrik Lundqvist with a rebound.
10:06 of 2nd period - Slapshot by Sean Zimmerman.
10:06 of 2nd period - Deflect By Steven Stamkos.
10:06 of 2nd period - Stopped by Henrik Lundqvist with a rebound.
10:54 of 2nd period - Slapshot by Sam Gagner.
10:54 of 2nd period - Stopped by Henrik Lundqvist without a rebound.
10:55 of 2nd period - Steven Stamkos wins face-off versus Patrice Bergeron in Rangers zone.
10:58 of 2nd period - Wrist shot by Steven Stamkos.
10:58 of 2nd period - Shot Misses the Net.
11:12 of 2nd period - Wrist shot by Bobby Ryan.
11:12 of 2nd period - Shot Blocked by Alexei Emelin.
11:22 of 2nd period - Radim Vrbata is hit by Alexei Emelin and loses puck.
11:45 of 2nd period - Wrist shot by Sam Gagner.
11:45 of 2nd period - Shot Misses the Net.
11:47 of 2nd period - Snap shot by Steve Downie.
11:47 of 2nd period - Shot Misses the Net.
11:49 of 2nd period - Slapshot by Eric Gryba.
11:49 of 2nd period - Stopped by Henrik Lundqvist without a rebound.
11:50 of 2nd period - Patrice Bergeron wins face-off versus Steven Stamkos in Rangers zone.
11:55 of 2nd period - Backhand shot by James Neal.
11:55 of 2nd period - Stopped by Brian Elliott without a rebound.
11:56 of 2nd period - Steven Stamkos wins face-off versus Patrice Bergeron in Penguins zone.
12:13 of 2nd period - Wrist shot by Milan Lucic.
12:13 of 2nd period - Shot Blocked by Sean Zimmerman.
12:51 of 2nd period - Snap shot by Max Pacioretty.
12:51 of 2nd period - Stopped by Henrik Lundqvist with a rebound.
12:53 of 2nd period - Snap shot by Sam Gagner.
12:53 of 2nd period - Stopped by Henrik Lundqvist without a rebound.
12:54 of 2nd period - Patrice Bergeron wins face-off versus Bobby Ryan in Rangers zone.
12:58 of 2nd period - Off-side.
12:59 of 2nd period - Milan Lucic wins face-off versus Steven Stamkos in neutral zone.
13:10 of 2nd period - Slapshot by James Neal.
13:10 of 2nd period - Shot Misses the Net.
13:18 of 2nd period - Steven Stamkos is hit by James Neal and loses puck.
13:53 of 2nd period - Wrist shot by Andrew Cogliano.
13:53 of 2nd period - Stopped by Henrik Lundqvist without a rebound.
13:54 of 2nd period - Stephen Weiss wins face-off versus Dominic Moore in Rangers zone.
13:54 of 2nd period - Stephen Weiss is hit by Dominic Moore.
14:07 of 2nd period - Backhand shot by Jakob Silfverberg.
14:07 of 2nd period - Shot Misses the Net.
14:46 of 2nd period - Mike Cammalleri is hit by Dominic Moore and loses puck.
14:55 of 2nd period - Wrist shot by Matt Read.
14:55 of 2nd period - Stopped by Brian Elliott with a rebound.
15:54 of 2nd period - Sam Gagner is hit by Mark Fistric and loses puck.
16:26 of 2nd period - Snap shot by D.J King.
16:26 of 2nd period - Shot Misses the Net.
16:55 of 2nd period - Snap shot by Darren Reid.
16:55 of 2nd period - Shot Misses the Net.
17:17 of 2nd period - Wrist shot by Matt Read.
17:17 of 2nd period - Shot Misses the Net.
17:19 of 2nd period - Snap shot by Ryan Suter.
17:19 of 2nd period - Deflect By Mike Cammalleri.
17:19 of 2nd period - Shot Blocked by Sam Gagner.
17:19 of 2nd period - Puck is out of play.
17:20 of 2nd period - Sam Gagner wins face-off versus Sean Couturier in Penguins zone.
17:35 of 2nd period - Snap shot by Steve Downie.
17:35 of 2nd period - Stopped by Henrik Lundqvist without a rebound.
17:36 of 2nd period - Patrice Bergeron wins face-off versus Bobby Ryan in Rangers zone.
17:41 of 2nd period - Slapshot by Patrice Bergeron.
17:41 of 2nd period - Shot Misses the Net.
18:05 of 2nd period - Cam Barker is hit by Radim Vrbata and loses puck.
18:18 of 2nd period - Backhand shot by Sergei Samsonov.
18:18 of 2nd period - Shot Blocked by Matt Greene.
18:28 of 2nd period - Steve Downie is hit by Mike Cammalleri and loses puck.
19:01 of 2nd period - Snap shot by D.J King.
19:01 of 2nd period - Shot Blocked by Alexei Emelin.
19:15 of 2nd period - Wrist shot by Ryan Callahan.
19:15 of 2nd period - Goal by Ryan Callahan - Penguins : 2 - Rangers : 1.
19:16 of 2nd period - Andrew Cogliano wins face-off versus Patrice Bergeron in neutral zone.
19:31 of 2nd period - Sean Zimmerman is hit by Staffan Kronwall and loses puck.
19:53 of 2nd period - Snap shot by Stephen Weiss.
19:53 of 2nd period - Stopped by Brian Elliott without a rebound.
19:54 of 2nd period - Stephen Weiss wins face-off versus Dominic Moore in Penguins zone.
19:57 of 2nd period - Wrist shot by Jakob Silfverberg.
19:57 of 2nd period - Shot Blocked by Keith Aulie.
19:59 of 2nd period - Wrist shot by Matt Greene.
19:59 of 2nd period - Shot Misses the Net.
Goals for this period are 1 for Penguins vs 1 for Rangers.
Shots for this period are 14 for Penguins vs 10 for Rangers.

3rd period


0:01 of 3rd period - Patrice Bergeron wins face-off versus Andrew Cogliano in neutral zone.
0:08 of 3rd period - Snap shot by James Neal.
0:08 of 3rd period - Shot Misses the Net.
0:10 of 3rd period - Snap shot by James Neal.
0:10 of 3rd period - Shot Misses the Net.
0:19 of 3rd period - Minor Penalty to Andrew Cogliano for High sticking.
0:20 of 3rd period - Steven Stamkos wins face-off versus Milan Lucic in Penguins zone.
2:18 of 3rd period - Icing by Mark Fistric.
2:19 of 3rd period - Penalty to Andrew Cogliano is over, Andrew Cogliano is back on ice.
2:19 of 3rd period - Stephen Weiss wins face-off versus Dominic Moore in Rangers zone.
3:59 of 3rd period - Slapshot by Sergei Samsonov.
3:59 of 3rd period - Shot Misses the Net.
4:05 of 3rd period - Jakob Silfverberg is hit by Sergei Samsonov.
4:21 of 3rd period - Wrist shot by Dion Phaneuf.
4:21 of 3rd period - Stopped by Henrik Lundqvist with a rebound.
5:08 of 3rd period - James Neal is hit by Steve Downie and loses puck.
5:15 of 3rd period - Wrist shot by Max Pacioretty.
5:15 of 3rd period - Shot Blocked by Cam Barker.
5:20 of 3rd period - Minor Penalty to Matt Greene for Hooking.
5:21 of 3rd period - Sean Couturier wins face-off versus Steven Stamkos in Rangers zone.
5:35 of 3rd period - Wrist shot by Bobby Ryan.
5:35 of 3rd period - Shot Misses the Net.
5:37 of 3rd period - Snap shot by Steven Stamkos.
5:37 of 3rd period - Shot Blocked by Cam Barker.
5:51 of 3rd period - Duncan Keith is hit by Cam Barker and loses puck.
7:20 of 3rd period - Penalty to Matt Greene is over, Matt Greene is back on ice.
7:38 of 3rd period - Valtteri Filppula is hit by Riley Armstrong and loses puck.
7:46 of 3rd period - Eric Gryba is hit by Valtteri Filppula.
7:47 of 3rd period - Icing by Eric Gryba.
7:48 of 3rd period - Riley Armstrong wins face-off versus Patrice Bergeron in Penguins zone.
7:55 of 3rd period - Eric Gryba is hit by Patrice Bergeron and loses puck.
8:17 of 3rd period - Slapshot by Jakob Silfverberg.
8:17 of 3rd period - Goal by Jakob Silfverberg - Penguins : 2 - Rangers : 2.
8:18 of 3rd period - Patrice Bergeron wins face-off versus Andrew Cogliano in neutral zone.
8:31 of 3rd period - Snap shot by James Neal.
8:31 of 3rd period - Shot Misses the Net.
9:34 of 3rd period - Minor Penalty to Nathan Gerbe for Tripping.
9:35 of 3rd period - Steven Stamkos wins face-off versus Sean Couturier in Rangers zone.
9:38 of 3rd period - Snap shot by Steven Stamkos.
9:38 of 3rd period - Stopped by Henrik Lundqvist with a rebound.
9:42 of 3rd period - Snap shot by Andrew Cogliano.
9:42 of 3rd period - Stopped by Henrik Lundqvist with a rebound.
9:44 of 3rd period - Slapshot by Sean Zimmerman.
9:44 of 3rd period - Deflect By Sean Couturier.
9:44 of 3rd period - Stopped by Henrik Lundqvist with a rebound.
9:46 of 3rd period - Slapshot by Steven Stamkos.
9:46 of 3rd period - Goal by Steven Stamkos - Penguins : 3 - Rangers : 2.
9:47 of 3rd period - Patrice Bergeron wins face-off versus Steven Stamkos in neutral zone.
11:15 of 3rd period - Minor Penalty to Keith Aulie for High sticking.
11:16 of 3rd period - Steven Stamkos wins face-off versus Patrice Bergeron in Penguins zone.
11:43 of 3rd period - Sean Zimmerman is hit by Jakob Silfverberg and loses puck.
12:32 of 3rd period - Snap shot by Radim Vrbata.
12:32 of 3rd period - Stopped by Henrik Lundqvist without a rebound.
12:33 of 3rd period - Stephen Weiss wins face-off versus Radim Vrbata in Rangers zone.
12:39 of 3rd period - Off-side.
12:40 of 3rd period - Stephen Weiss wins face-off versus Steven Stamkos in neutral zone.
12:55 of 3rd period - Wrist shot by Alex Tanguay.
12:55 of 3rd period - Stopped by Brian Elliott without a rebound.
12:56 of 3rd period - Steven Stamkos wins face-off versus Patrice Bergeron in Penguins zone.
13:15 of 3rd period - Penalty to Keith Aulie is over, Keith Aulie is back on ice.
13:23 of 3rd period - Wrist shot by Keith Aulie.
13:23 of 3rd period - Shot Blocked by Mike Cammalleri.
13:29 of 3rd period - Dion Phaneuf is hit by Sean Couturier and loses puck.
13:43 of 3rd period - Icing by Dion Phaneuf.
13:44 of 3rd period - Max Pacioretty wins face-off versus Valtteri Filppula in Penguins zone.
13:54 of 3rd period - Icing by Darren Reid.
13:55 of 3rd period - Steven Stamkos wins face-off versus Valtteri Filppula in Rangers zone.
14:16 of 3rd period - Slapshot by Darren Reid.
14:16 of 3rd period - Shot Misses the Net.
14:18 of 3rd period - Slapshot by Ryan Suter.
14:18 of 3rd period - Shot Blocked by Duncan Keith.
14:24 of 3rd period - Wrist shot by Darren Reid.
14:24 of 3rd period - Stopped by Brian Elliott without a rebound.
14:25 of 3rd period - Dominic Moore wins face-off versus Patrice Bergeron in Penguins zone.
14:27 of 3rd period - Minor Penalty to Dominic Moore for Interference.
14:28 of 3rd period - Patrice Bergeron wins face-off versus Steven Stamkos in Penguins zone.
14:30 of 3rd period - Slapshot by Milan Lucic.
14:30 of 3rd period - Stopped by Brian Elliott without a rebound.
14:31 of 3rd period - Patrice Bergeron wins face-off versus Steven Stamkos in Penguins zone.
14:46 of 3rd period - Slapshot by James Neal.
14:46 of 3rd period - Deflect By Milan Lucic.
14:46 of 3rd period - Stopped by Brian Elliott with a rebound.
16:27 of 3rd period - Penalty to Dominic Moore is over, Dominic Moore is back on ice.
16:33 of 3rd period - Dion Phaneuf is hit by Darren Reid and loses puck.
17:16 of 3rd period - Snap shot by Max Pacioretty.
17:16 of 3rd period - Stopped by Henrik Lundqvist without a rebound.
17:17 of 3rd period - Sam Gagner wins face-off versus Sean Couturier in Rangers zone.
17:26 of 3rd period - Wrist shot by Steve Downie.
17:26 of 3rd period - Stopped by Henrik Lundqvist without a rebound.
17:27 of 3rd period - Patrice Bergeron wins face-off versus Max Pacioretty in Rangers zone.
17:27 of 3rd period - Milan Lucic is hit by Keith Aulie.
17:30 of 3rd period - Minor Penalty to Max Pacioretty for Tripping.
17:31 of 3rd period - Patrice Bergeron wins face-off versus Steven Stamkos in Penguins zone.
17:48 of 3rd period - Snap shot by Patrice Bergeron.
17:48 of 3rd period - Shot Misses the Net.
19:19 of 3rd period - Duncan Keith is hit by Patrice Bergeron and loses puck.
19:30 of 3rd period - Penalty to Max Pacioretty is over, Max Pacioretty is back on ice.
19:36 of 3rd period - Slapshot by Duncan Keith.
19:36 of 3rd period - Stopped by Henrik Lundqvist without a rebound.
19:37 of 3rd period - Michel Therrien call a timeout for Rangers.
19:37 of 3rd period - Sean Couturier wins face-off versus Steven Stamkos in Rangers zone.
19:37 of 3rd period - Sean Couturier is hit by Dion Phaneuf.
19:43 of 3rd period - Rangers, Henrik Lundqvist is pulled from the net.
19:51 of 3rd period - Slapshot by Darren Reid.
19:51 of 3rd period - Shot Blocked by Sean Zimmerman.
19:53 of 3rd period - Wrist shot by Sean Couturier.
19:53 of 3rd period - Shot Misses the Net.
19:55 of 3rd period - Snap shot by Cam Barker.
19:55 of 3rd period - Shot Misses the Net.
19:57 of 3rd period - Slapshot by Jakob Silfverberg.
19:57 of 3rd period - Shot Misses the Net.
19:59 of 3rd period - Backhand shot by Alex Tanguay.
19:59 of 3rd period - Stopped by Brian Elliott with a rebound.
Goals for this period are 1 for Penguins vs 1 for Rangers.
Shots for this period are 9 for Penguins vs 6 for Rangers.